 Dungeon Crawl Stone Soup version 0.27-a0-1296-g8ece459b43 (webtiles) character file.

Game seed: 5641213305713673010

17 BlueGoblin the Sneak (level 2, 0/15 HPs)
             Began as a Vampire Enchanter on June 16, 2021.
             Slain by an adder (5 damage)
             ... on level 1 of the Dungeon.
             The game lasted 00:02:38 (682 turns).

BlueGoblin the Sneak (Vampire Enchanter)             Turns: 682, Time: 00:02:39

Health: 0/15       AC:  2    Str:  7    XL:     2   Next: 44%
Magic:  5/5        EV: 12    Int: 17    God:
Gold:   49         SH:  0    Dex: 14    Spells: 4/5 levels left

rFire    . . .     SeeInvis +   b - +0 short sword
rCold    + + .     Faith    .   (no shield)
rNeg     + + +     Spirit   .   e - +0 robe
rPois    ∞         Reflect  .   (no helmet)
rElec    .         Harm     .   (no cloak)
rCorr    .         Rampage  .   (no gloves)
Will     .....                  (no boots)
Stlth    +++++.....             (no amulet)
HPRegen  0.00/turn              (no ring)
MPRegen  0.09/turn              (no ring)

@: bloodless
A: bloodless, fangs 3, see invisible, vampiric 1
a: Revivify


You were on level 1 of the Dungeon.
You visited 1 branch of the dungeon, and saw 2 of its levels.

You collected 49 gold pieces.

Inventory:

Hand Weapons
 a - a +1 dagger
 b - a +0 short sword (weapon)
Armour
 d - a +0 scale mail
 e - a +0 robe (worn)
Scrolls
 c - a scroll of magic mapping {unknown}
 g - a scroll of summoning {unknown}
Potions
 f - a potion of ambrosia {unknown}
 h - a potion of flight {unknown}
 i - 2 potions of haste {unknown}


   Skills:
 + Level 1.2 Short Blades
 + Level 2.5 Dodging
 + Level 4.8 Stealth
 + Level 2.1 Spellcasting
 + Level 4.8 Hexes


You had 4 spell levels left.
You knew the following spells:

 Your Spells              Type           Power      Damage    Failure   Level
a - Corona                Hex            20%        N/A       2%          1

Your spell library contained the following spells:

 Spells                   Type           Power      Damage    Failure   Level
 Confusing Touch          Hex            18%        N/A       8%          3
 Tukima's Dance           Hex            18%        N/A       8%          3
 Ensorcelled Hibernation  Hex/Ice        18%        N/A       11%         2
 Dazzling Flash           Conj/Hex       18%        N/A       22%         3


Dungeon Overview and Level Annotations

Branches:
Dungeon (2/15)

Altars:

Shops:
D:1 [


Innate Abilities, Weirdness & Mutations

You do not regenerate when monsters are visible.
You are frail without blood (-20% HP).
You can heal yourself when you bite living creatures.
You are immune to poison.
You have razor-sharp teeth.
You have supernaturally acute eyesight. (SInv)
You are afflicted with vampirism.


Message History

You hit the goblin.
You kill the goblin!
The adder bites you. The adder barely misses you.
There is an open door here.
There is a stone staircase leading up here.
You hit the hobgoblin but do no damage. The hobgoblin closely misses you.
You hit the hobgoblin. You bite the hobgoblin.
You kill the hobgoblin!
You closely miss the adder. The adder closely misses you.
You barely miss the adder. The adder bites you but does no damage.
The adder closely misses you.
You barely miss the adder. The adder bites you but does no damage.
You closely miss the adder. The adder bites you but does no damage.
You hit the adder.
The adder is lightly wounded.
The adder closely misses you. x2
You hit the adder but do no damage.
The adder is lightly wounded.
The adder barely misses you.
You hit the adder.
The adder is lightly wounded.
The adder bites you.
You completely miss the adder.
The adder is lightly wounded.
The adder bites you. x2
You miss the adder. You bite the adder, but do no damage.
The adder is lightly wounded.
The adder barely misses you.
You closely miss the adder.
The adder is lightly wounded.
The adder misses you. The adder bites you. The adder closely misses you.
You climb upwards.
There is a stone staircase leading down here.
The adder closely misses you. The adder barely misses you.
You barely miss the adder.
The adder is lightly wounded.
The adder bites you.
You die...

..........#############
.........>.....##
................##
.....÷...........#
.................#
..........[......#
#................###
.....).............####
#..............S@.....#
##......####..........#
##...#≈#≈≈≈##........#
#...#≈≈≈≈≈≈#.....####
###..##≈≈#≈#≈##....#
.....#≈≈≈≈≈≈≈≈≈....#
####.≈≈#≈≈≈≈≈≈#....#
####.≈#≈≈≈≈#≈##....#
......#≈≈#≈≈≈≈.....#


You could see an adder.

Vanquished Creatures
  A worm (D:2)
  An endoplasm (D:2)
  A giant cockroach (D:1)
  A goblin (D:2)
  3 hobgoblins
  2 kobolds
  A quokka (D:1)
  A bat (D:1)
  A rat (D:1)
12 creatures vanquished.

Notes
Turn   | Place    | Note
-------+----------+-------------------------------------------
     0 | D:1      | BlueGoblin the Vampire Enchanter began the quest for the
                  | Orb.
     0 | D:1      | Reached XP level 1. HP: 13/13 MP: 3/3
   111 | D:1      | Found a faded altar of an unknown god.
   368 | D:1      | Found Roriovis's Antique Armour Shoppe.
   481 | D:1      | Reached XP level 2. HP: 15/15 MP: 5/5
   682 | D:1      | Slain by an adder

Illustrated notes

Levels and vault maps discovered:
D:1:      minmay_arrival_five_plusses, layout_rooms,
          ebering_ecumenical_altar_hall, serial_shops, nicolae_square_shop,
          minivault_4
D:2:      layout_basic

Action                   || total
-------------------------++-------
Melee: Short sword       ||    37
       Dagger            ||    16
       Bite              ||     8
 Abil: Exsanguinate      ||     1
 Stab: Sleeping          ||     4
Armor: Robe              ||    14
Dodge: Dodged            ||    45

Table legend: (Time is in decaauts)
 A = Elapsed time spent in this place.
 B = Non-inter-level travel time spent in this place.
 C = Inter-level travel time spent in this place.
 D = Time resting spent in this place.
 E = Time spent auto-exploring this place.
 F = Levels seen in this place.
 G = Mean time per level.
                   A        B        C        D        E       F      G
               +--------+--------+--------+--------+--------+-----+--------+
         Total |    678 |    677 |      1 |    152 |    308 |   2 |  339.0 |
       Dungeon |    678 |    677 |      1 |    152 |    308 |   2 |  339.0 |
               +--------+--------+--------+--------+--------+-----+--------+

Top non-repeatable levels by time:
     D:1: 638 daAuts
     D:2: 40 daAuts
